 Dungeon Crawl Stone Soup version 0.23.2-40-g277498a001 (webtiles) character file.

Game seed: 12498109122727753107

154 H0rd4k the Magician (level 5, -2/28 HPs)
             Began as a Deep Elf Wizard on Sept 24, 2019.
             Killed from afar by an orc wizard (4 damage)
             ... with a puff of frost
             ... on level 3 of the Dungeon.
             The game lasted 00:06:03 (2571 turns).

H0rd4k the Magician (Deep Elf Wizard)               Turns: 2571, Time: 00:06:03

Health: -2/28      AC:  5    Str:  4    XL:     5   Next: 13%
Magic:  3/16       EV: 13    Int: 29    God:
Gold:   187        SH:  0    Dex: 13    Spells: 11/17 levels left

rFire    . . .     SeeInvis .   (no weapon)
rCold    . . .     Gourm    .   (no shield)
rNeg     . . .     Faith    .   a - +0 robe
rPois    .         Spirit   .   s - +1 hat
rElec    .         Reflect  .   r - scarf {cloud immunity}
rCorr    .         Harm     .   i - +1 pair of gloves
MR       .....                  (no boots)
Stlth    ++........             (no amulet)
HPRegen  0.09/turn              (no ring)
MPRegen  0.15/turn              (no ring)

@: brilliant, very slightly contaminated
A: no striking features
a: no special abilities


You were on level 3 of the Dungeon.
You were not hungry.

You visited 1 branch of the dungeon, and saw 3 of its levels.

You collected 187 gold pieces.

Inventory:

Missiles
 h - 2 throwing nets (quivered)
Armour
 a - a +0 robe (worn)
 b - a +0 hat
 i - a +1 pair of gloves (worn)
 r - a scarf of cloud immunity (worn)
 s - a +1 hat (worn)
Jewellery
 q - an uncursed ring of ice {unknown}
Scrolls
 c - a scroll of identify {unknown}
 e - 4 scrolls of blinking {unknown}
 f - a scroll of random uselessness {unknown}
 k - a scroll of enchant armour {unknown}
 m - a scroll of enchant weapon {unknown}
 n - 3 scrolls of fear {unknown}
 o - a scroll of remove curse {unknown}
 p - 2 scrolls of teleportation {unknown}
Potions
 g - a potion of curing {unknown}
 j - 2 potions of brilliance
 l - a potion of haste {unknown}
Comestibles
 d - 7 rations
 t - a chunk of flesh


   Skills:
 + Level 3.3 Dodging
 + Level 2.7 Stealth
 + Level 6.5 Spellcasting
 + Level 3.0 Conjurations
   Level 1.1 Summonings
 + Level 1.1 Translocations


You had 11 spell levels left.
You knew the following spells:

 Your Spells              Type           Power        Failure   Level  Hunger
a - Magic Dart            Conj           ####         1%          1    None
b - Blink                 Tloc           N/A          1%          2    None
c - Conjure Flame         Conj/Fire      #####...     1%          3    None

Your spell library contained the following spells:

 Spells                   Type           Power        Failure   Level  Hunger
 Call Imp                 Summ           ####....     1%          2    None
 Slow                     Hex            ####....     1%          2    None
 Mephitic Cloud           Conj/Pois/Air  ####....     1%          3    None


Dungeon Overview and Level Annotations

Branches:
Dungeon (3/15)

Altars:


Message History

Confirm with . or Enter, or press ? or * to list all spells.
Aiming: Magic Dart (safe; 2% risk of failure)
Press: ? - help, Shift-Dir - straight line, f/p - orc
Aim: an orc, wielding a +0 mace The magic dart hits something.
A magic dart appears from out of thin air!
The magic dart hits you! Something hits you but does no damage.
Something hits you.
You hear some strange, mumbled words.
A magic dart appears from out of thin air!
The magic dart hits you!
* * * LOW HITPOINT WARNING * * *
You see here a quokka skeleton.
It was a potion of brilliance.
You feel clever all of a sudden.
You hear some strange, mumbled words.
A puff of frost appears from out of thin air!
The puff of frost hits you.
You die...

#.# #.#.#
#.# ..#.#
#.# .##.#
#.# . #.#
#. #.# #.#
#.#
#.#########
#..@.o....#
#########.#
#######.#
#.......#
#.#######
#.# #o# #o#
#.#


You could see an orc.

Vanquished Creatures
  Natasha (D:2)
  3 adders (D:2)
  An ooze (D:2)
  3 worms (D:2)
  2 dart slugs
  2 leopard geckos (D:1)
  6 orcs (D:3)
  A ball python (D:2)
  4 giant cockroaches
  9 goblins
  5 hobgoblins (D:1)
  3 quokkas
  9 bats
  6 frilled lizards
  11 kobolds
  12 rats
78 creatures vanquished.

Notes
Turn   | Place    | Note
-------+----------+-------------------------------------------
     0 | D:1      | H0rd4k the Deep Elf Wizard began the quest for the Orb.
     0 | D:1      | Reached XP level 1. HP: 10/10 MP: 7/7
   181 | D:1      | Reached XP level 2. HP: 15/15 MP: 6/9
   322 | D:1      | Reached skill level 5 in Spellcasting
   596 | D:1      | Reached XP level 3. HP: 19/19 MP: 1/12
  1193 | D:2      | Learned a level 2 spell: Blink
  1198 | D:2      | Learned a level 3 spell: Conjure Flame
  1316 | D:2      | Reached XP level 4. HP: 19/24 MP: 6/13
  1482 | D:2      | Reached skill level 6 in Spellcasting
  1828 | D:2      | Noticed Natasha
  1850 | D:2      | Killed Natasha
  2262 | D:3      | Reached XP level 5. HP: 28/28 MP: 8/15
  2571 | D:3      | Killed from afar by an orc wizard

Skill      XL: |  1  2  3  4  5 |
---------------+----------------+-----
Spellcasting   | 5 6 |  6.5
Dodging        | 3 |  3.3
Conjurations   | 2 3 |  3.0
Stealth        | |  2.7
Summonings     | |  1.1
Translocations | |  1.1

Action                   |  1- 3 |  4- 6 || total
-------------------------+-------+-------++-------
Melee: Unarmed           |     1 |       ||     1
 Cast: Magic Dart        |    99 |   119 ||   218
       Conjure Flame     |       |     1 ||     1
  Use: Potion            |       |     1 ||     1
  Eat: Chunk             |     1 |     4 ||     5
Armor: Robe              |     7 |     5 ||    12
Dodge: Dodged            |    25 |     9 ||    34
